AoeStats
← gastonace1

Arena

509964819Analyzed
2v2 RM · 5d ago on Sep 28, 2026· 41m 16s· 4 players
Game mode
Random Map
Map size
Medium (4 player)
Population
200
Speed
Normal
Resources
Standard
Victory
Conquest
Starting age
Dark Age
Ending age
Imperial Age
RankedLock teamsTeams togetherTeam positionsShared explorationLock speedFull tech treeHidden civsTurbo modeCheats
Victory
Defeat
🇨🇴 Cumans · Colombia
889
+12
🇨🇴 Turks · Colombia
813
+15
🇦🇷 Hindustanis · Argentina
810
-14
🇺🇸 Bohemians · United States
791
-13
marioastroza
7:48 Loom
11:22 Feudal Age
17:27 Castle Age
15:59 Horse Collar
16:48 Double-Bit Axe
26:02 Crossbowman
27:01 Thumb Ring
27:34 Town Watch
28:25 Wheelbarrow
27:47 Fletching
27:58 Scale Mail Armor
28:33 Caravan
29:02 Bow Saw
28:46 Stone Mining
28:49 Gold Mining
29:03 Heavy Plow
29:07 Husbandry
30:42 Bloodlines
35:06 Hand Cart
38:19 Imperial Age
37:46 Ballistics
38:47 Scale Barding Armor
38:38 Bodkin Arrow
38:44 Padded Archer Armor
38:55 Forging
sebasrey300
9:28 Feudal Age
9:56 Double-Bit Axe
12:14 Horse Collar
17:53 Loom
18:45 Wheelbarrow
17:55 Town Watch
22:14 Castle Age
21:13 Stone Mining
21:38 Scale Barding Armor
21:45 Forging
22:16 Bloodlines
23:30 Bow Saw
23:43 Hand Cart
23:56 Heavy Plow
25:09 Capped Ram
25:54 Gold Mining
27:03 Chain Barding Armor
28:08 Gold Shaft Mining
29:06 Iron Casting
29:22 Town Patrol
29:53 Fletching
30:04 Padded Archer Armor
31:58 Bodkin Arrow
32:04 Padded Archer Armor
34:06 Leather Archer Armor
35:56 Ballistics
39:12 Imperial Age
36:13 Light Cavalry
38:56 Masonry
41:16 Conscription
41:34 Hoardings
41:36 Plate Barding Armor
42:02 Blast Furnace
41:34 Ring Archer Armor
akaHata
0:53 Loom
11:23 Feudal Age
11:59 Horse Collar
12:20 Double-Bit Axe
13:17 Wheelbarrow
17:18 Gold Mining
19:39 Castle Age
18:58 Bloodlines
18:55 Scale Barding Armor
19:14 Forging
20:00 Fletching
20:22 Husbandry
22:37 Bodkin Arrow
24:37 Gold Shaft Mining
27:22 Padded Archer Armor
27:46 Fervor
30:47 Elite Skirmisher
33:13 Chain Barding Armor
36:35 Leather Archer Armor
gastonace1
11:21 Feudal Age
9:53 Loom
15:03 Wheelbarrow
16:48 Castle Age
15:32 Loom
15:33 Horse Collar
15:43 Double-Bit Axe
19:14 Hand Cart
22:39 Heavy Plow
23:16 Bow Saw
23:23 Loom
26:23 Hand Cart
25:54 Town Watch
27:32 Town Patrol
31:39 Imperial Age
31:15 Chemistry
30:12 Murder Holes
30:39 Ballistics
30:00 Pikeman
30:41 Squires
32:15 Wagenburg Tactics
31:42 Halberdier
33:06 Scale Mail Armor
33:17 Forging
35:48 Cavalier
36:29 Husbandry
35:54 Light Cavalry
38:47 Conscription
39:54 Fletching
40:39 Iron Casting
40:10 Scale Barding Armor
40:21 Chain Mail Armor
40:07 Padded Archer Armor
Connection lost

Rejoining the realm…

Still unreachable

The connection could not be restored.

Session expired

The server has moved on; the page needs a fresh start.